 Dungeon Crawl Stone Soup version 0.29-a0-330-g52719c12eb (webtiles) character file.

Game seed: 14601700054085839539

2701 dohliylev the Grappler (level 9, -1/89 HPs)
             Began as a Troll Warper on May 27, 2022.
             Was an Initiate of Okawaru.
             Succumbed to a killer bee's poison
             ... on level 8 of the Dungeon.
             The game lasted 00:14:43 (5771 turns).

dohliylev the Grappler (Troll Warper)               Turns: 5771, Time: 00:14:44

Health: -1/89      AC:  5    Str: 25    XL:     9   Next: 38%
Magic:  10/10      EV: 10    Int:  9    God:    Okawaru [......]
Gold:   411        SH:  0    Dex:  9    Spells: 9/11 levels left

rFire   . . .      SeeInvis .     - Unarmed
rCold   . . .      Faith    .   (no shield)
rNeg    . . .      Spirit   .   a - +1 robe
rPois   .          Reflect  .   (helmet restricted)
rElec   .          Harm     .   (no cloak)
rCorr   .          Rampage  .   (gloves unavailable)
Will    ++...                   (boots unavailable)
Stlth   +.........              (no amulet)
HPRegen 1.04/turn               h - ring of willpower
MPRegen 0.12/turn               m - ring of willpower

@: brilliant, lethally poisoned (-1 -> -9)
A: large, unfitting armour, claws 3, regeneration 1, shaggy fur 1, tough skin 1
a: Renounce Religion


You were on level 8 of the Dungeon.
You worshipped Okawaru.
Okawaru was noncommittal.
You visited 2 branches of the dungeon, and saw 9 of its levels.
You also visited: Ossuary.

You collected 411 gold pieces.

Inventory:

Missiles
 c - 4 boomerangs of dispersal
 t - 3 large rocks (quivered)
Armour
 a - a +1 robe (worn)
Jewellery
 h - a ring of willpower (left claw)
 m - a ring of willpower (right claw)
 D - a ring of protection from cold
Wands
 s - a wand of digging (5)
 A - a wand of flame (10)
Scrolls
 b - a scroll of blinking
 i - 3 scrolls of teleportation
 j - 6 scrolls of enchant armour
 k - a scroll of summoning
 o - 9 scrolls of identify
 r - a scroll of magic mapping
 w - 4 scrolls of fog {unknown}
 x - a scroll of noise {unknown}
 y - a scroll of immolation {unknown}
 z - a scroll of acquirement {unknown}
 B - a scroll of enchant weapon {unknown}
 E - a scroll of fear
 F - a scroll of vulnerability {unknown}
Potions
 d - 3 potions of brilliance
 e - 3 potions of heal wounds {unknown}
 f - 4 potions of curing {unknown}
 g - a potion of ambrosia
 l - a potion of lignification {unknown}
 n - a potion of degeneration {unknown}
 p - 2 potions of magic {unknown}
 q - 5 potions of might {unknown}
 u - 3 potions of flight {unknown}
 v - 2 potions of mutation {unknown}
 C - a potion of cancellation {unknown}
 G - a potion of attraction {unknown}


   Skills:
 * Level 6.2 Fighting
 + Level 3.3 Throwing
 + Level 4.9 Dodging
 - Level 8.0 Unarmed Combat
 + Level 1.7 Spellcasting
 + Level 2.9 Translocations


You had 9 spell levels left.
You knew the following spells:

 Your Spells              Type           Power      Damage    Failure   Level
a - Blink                 Tloc           18%        N/A       16%         2

Your spell library contained the following spells:

 Spells                   Type           Power      Damage    Failure   Level
 Gell's Gravitas          Tloc           9%         N/A       30%         3
 Lesser Beckoning         Tloc           9%         N/A       30%         3
 Teleport Other           Tloc           9%         N/A       30%         3
 Magic Dart               Conj           4%         1d3       34%         1
 Slow                     Hex            4%         N/A       34%         1
 Ensorcelled Hibernation  Hex/Ice        2%         N/A       45%         2
 Portal Projectile        Hex/Tloc       10%        N/A       50%         3
 Confusing Touch          Hex            1%         N/A       71%         3
 Dazzling Flash           Conj/Hex       2%         N/A       71%         3
 Mephitic Cloud           Conj/Pois/Air  1%         N/A       71%         3
 Spider Form              Tmut/Pois      1%         N/A       71%         3
 Vampiric Draining        Necr           1%         2d6       71%         3
 Iskenderun's Mystic Bla  Conj/Tloc      5%         2d3       88%         4
 Manifold Assault         Tloc           9%         N/A       96%         5
 Anguish                  Hex/Necr       0%         N/A       98%         4
 Leda's Liquefaction      Hex/Erth       0%         N/A       98%         4
 Lee's Rapid Deconstruct  Erth           0%         3d5*      100%        5
 Dispersal                Tloc           4%         N/A       100%        6
 Starburst                Conj/Fire      0%         6d3       100%        6
 Statue Form              Tmut/Erth      0%         N/A       100%        6
 Call Imp                 Summ           Unusable   N/A       N/A         2
 Call Canine Familiar     Summ           Unusable   N/A       N/A         3

Dungeon Overview and Level Annotations

Branches:
Dungeon (8/15)             Temple (1/1) D:7         Ossuary (visited)
   Lair: D:8-11

Altars:
Ashenzari
Cheibriados
Dithmenos
Elyvilon
Fedhas
Gozag
Hepliaklqana
Kikubaaqudgha
Makhleb
Nemelex Xobeh
Okawaru
Qazlal
Ru
Sif Muna
Trog
Uskayaw
Vehumet
Wu Jian
Xom
Yredelemnul
Zin
The Shining One

Shops:
D:5 [

Annotations:
D:5 2 transporters, zkyp's ghost, weakling DgDe


Innate Abilities, Weirdness & Mutations

You are too large for most types of armour.
You have claws for hands.
Your natural rate of healing is unusually fast.
You are covered in fur. (AC +1)
You have tough skin. (AC +1)


Message History

The killer bee barely misses you.
The killer bee attacks as you move away!
The killer bee closely misses you.
You feel sick. The killer bee stings you.
* * * LOW HITPOINT WARNING * * *
The killer bee barely misses you.
You see here a +0 robe.
The killer bee attacks as you move away!
The killer bee barely misses you.
The killer bee attacks as you move away!
The killer bee closely misses you.
You feel sick. The killer bee closely misses you.
You feel sick. The killer bee stings you.
* * * LOW HITPOINT WARNING * * *
You are more poisoned.
The killer bee poisons you!
You feel sick. The killer bee barely misses you.
You claw the killer bee!
The killer bee is almost dead.
You feel sick. The killer bee misses you. The killer bee stings you.
* * * LOW HITPOINT WARNING * * *
You are more poisoned.
The killer bee poisons you!
You closely miss the killer bee.
The killer bee is almost dead.
You feel very sick. The killer bee stings you.
* * * LOW HITPOINT WARNING * * *
You are lethally poisoned!
The killer bee poisons you!
The killer bee stings you but does no damage.
You miss the killer bee.
The killer bee is almost dead.
* * * LOW HITPOINT WARNING * * *
You feel very sick. The killer bee stings you.
* * * LOW HITPOINT WARNING * * *
Unknown command.
It was a potion of brilliance.
You feel clever all of a sudden.
You die...

##.<.........# ######
##..........#
####....##
###.......##
##........# ##.#..###
#.........## ##.###
#..........### ##..##
#..........##. ##..##
#.)........... ##..##
#............#
#.#.@###...........##
#.###y##............#
.. #y.[............#
..[ #..#............#
#...
#..###............
.......##
##..........#
#......# ######.....#
....# #....# ...#
#...


You could see 2 killer bees.

Vanquished Creatures
  Psyche (D:8)
  Menkaure (D:4)
  An ice beast (D:6)
  An orc warrior (D:7)
  A black bear (D:6)
  3 ogres
  2 centaurs
  2 phantoms
  A necrophage (D:6)
  A scorpion (D:5)
  4 water moccasin zombies (Ossuary)
  4 wights (D:6)
  A howler monkey (D:5)
  6 hounds
  A gnoll shaman (D:7)
  3 jellies
  4 iguanas
  5 orc wizards
  Ijyb (D:3)
  Natasha (thrice) (D:3)
  3 mummies
  5 adders
  3 gnolls (D:7)
  A shadow imp (D:6)
  A white imp (D:5)
  An ufetubus (D:7)
  5 adder zombies (Ossuary)
  2 worms
  3 dart slugs
  7 orcs
  11 endoplasms
  A giant cockroach (D:1)
  5 gnoll zombies (Ossuary)
  8 hobgoblins
  5 quokkas
  8 ball pythons
  5 bats
  5 frilled lizards
  13 goblins
  4 hobgoblin zombies (Ossuary)
  5 kobolds
  5 kobold zombies (Ossuary)
  6 orc zombies (Ossuary)
  A rat (D:3)
159 creatures vanquished.

Vanquished Creatures (others)
  7 plants (D:3)
7 creatures vanquished.

Grand Total: 166 creatures vanquished

Notes
Turn   | Place    | Note
-------+----------+-------------------------------------------
     0 | D:1      | dohliylev the Troll Warper began the quest for the Orb.
     0 | D:1      | Reached XP level 1. HP: 19/19 MP: 1/1
   170 | D:1      | Reached XP level 2. HP: 27/27 MP: 3/3
   740 | D:2      | Reached XP level 3. HP: 34/35 MP: 4/4
   743 | D:2      | Learned a level 2 spell: Blink
   798 | D:2      | Found a faded altar of an unknown god.
  1084 | D:2      | Reached XP level 4. HP: 42/42 MP: 5/5
  1335 | D:3      | Noticed Natasha
  1348 | D:3      | Killed Natasha
  1349 | D:3      | Reached skill level 3 in Unarmed Combat
  1364 | D:3      | Noticed an ogre
  1520 | D:2      | Killed an ogre
  1521 | D:2      | Reached skill level 4 in Unarmed Combat
  1521 | D:2      | Reached XP level 5. HP: 34/49 MP: 6/6
  1819 | D:3      | Noticed Ijyb
  1827 | D:3      | Killed Ijyb
  1908 | D:3      | Noticed Natasha
  1914 | D:3      | Killed Natasha
  1990 | D:3      | Noticed Natasha
  2019 | D:3      | Killed Natasha
  2020 | D:3      | Reached XP level 6. HP: 52/58 MP: 7/7
  2285 | D:4      | Reached skill level 1 in Throwing
  2285 | D:4      | Reached skill level 5 in Unarmed Combat
  2426 | D:4      | Noticed Menkaure
  2434 | D:4      | Killed Menkaure
  2435 | D:4      | Reached XP level 7. HP: 42/66 MP: 8/8
  2443 | D:4      | Found a sand-covered staircase.
  2449 | D:4      | Reached skill level 6 in Unarmed Combat
  2452 | Ossuary  | Entered an ossuary
  2905 | D:4      | Reached skill level 7 in Unarmed Combat
  3142 | D:5      | Entered Level 5 of the Dungeon
  3183 | D:5      | Found a transporter.
  3239 | D:5      | Reached XP level 8. HP: 70/75 MP: 9/9
  3260 | D:5      | Found Zius's Antique Armour Shoppe.
  3286 | D:5      | Found a burning altar of Makhleb.
  3517 | D:5      | Found a transporter.
  3530 | D:5      | Noticed zkyp's ghost (weakling DgDe)
  3601 | D:5      | Reached skill level 8 in Unarmed Combat
  3848 | D:5      | Found a shadowy altar of Dithmenos.
  3860 | D:5      | Found a sparkling altar of Nemelex Xobeh.
  3953 | D:6      | Found a basalt altar of Yredelemnul.
  4146 | D:6      | Reached skill level 5 in Fighting
  4528 | D:6      | Reached XP level 9. HP: 82/85 MP: 10/10
  4859 | D:7      | Found a staircase to the Ecumenical Temple.
  4868 | Temple   | Entered the Ecumenical Temple
  4970 | Temple   | Became a worshipper of Warmaster Okawaru
  5144 | D:7      | Found a stormy altar of Qazlal.
  5338 | D:7      | Found a glowing silver altar of Zin.
  5372 | D:7      | You fall into a shaft and drop 1 floor!
  5392 | D:8      | Noticed Psyche
  5400 | D:8      | Killed Psyche
  5749 | D:8      | Noticed a cyclops
  5770 | D:8      | HP: 1/89 [killer bee (5)]
  5771 | D:8      | Succumbed to a killer bee's poison

Illustrated notes

Levels and vault maps discovered:
D:1:      eino_arrival_druids_welcome, layout_basic
D:2:      layout_basic, chequers_ecumenical_altar_island,
          minmay_misc_feat_ornament
D:3:      layout_loops_ring, grunt_ministairs_11, serial_bayou_pond_c,
          chequers_serial_rivers_large_a, uniq_natasha, uniq_ijyb
D:4:      layout_basic, gup_ossuary_entry_pyramid, st_stairs_12, minmay_between,
          uniq_menkaure
D:5:      layout_loops_ring, bloody_makhleb, amethyst_overflow_temple_binary,
          gammafunk_ghost_hive, serial_shops, nicolae_shop_overgrown_old_shop,
          chequers_serial_rivers_micro_a
D:6:      layout_rooms, mainiacjoe_overflow_brackets, minmay_holes,
          dreamdust_princess_bridge, minmay_misc_feat_doors
D:7:      layout_basic, nicolae_overflow_crystal_walls, zin_scriptorium,
          minmay_temple_entry_wispy
D:8:      layout_cave_pods, lair_entry_dummy, serial_column_ruins,
          column_ruins_hut, column_ruins_open_small, column_ruins_grid_1,
          column_ruins_open_tiny, column_ruins_grid_1,
          column_ruins_corridor_corner, minmay_bent, uniq_maurice, uniq_joseph,
          uniq_pikel, uniq_psyche
Temple:   compressed_dpeg_circular_temple

Skill      XL: |  1  2  3  4  5  6  7  8  9 |
---------------+----------------------------+-----
Dodging        | 2 3 4 |  4.9
Unarmed Combat | 4 5 7 8 |  8.0
Fighting       | 2 3 5 6 |  6.2
Throwing       | 1 2 3 |  3.3
Spellcasting   | |  1.7
Translocations | |  2.9

Action                   |  1- 3 |  4- 6 |  7- 9 || total
-------------------------+-------+-------+-------++-------
Melee: Unarmed           |   112 |    96 |   236 ||   444
       Punch             |     1 |       |    14 ||    15
Throw: Boomerang         |       |     3 |       ||     3
       Large rock        |       |       |    25 ||    25
 Cast: Blink             |       |     1 |     2 ||     3
  Use: Scroll            |       |     8 |       ||     8
       Potion            |       |       |     1 ||     1
 Stab: Sleeping          |       |       |     1 ||     1
Armor: Robe              |    39 |    33 |    69 ||   141
Dodge: Dodged            |    60 |    47 |   101 ||   208

Table legend: (Time is in decaauts)
 A = Elapsed time spent in this place.
 B = Non-inter-level travel time spent in this place.
 C = Inter-level travel time spent in this place.
 D = Time resting spent in this place.
 E = Time spent auto-exploring this place.
 F = Levels seen in this place.
 G = Mean time per level.
                   A        B        C        D        E       F      G
               +--------+--------+--------+--------+--------+-----+--------+
         Total |   5768 |   5435 |    333 |    411 |   3235 |  10 |  576.8 |
       Dungeon |   5410 |   5139 |    271 |    375 |   3098 |   8 |  676.2 |
        Temple |    138 |     76 |     62 |      0 |     61 |   1 |  138.0 |
       Ossuary |    218 |    218 |      0 |     36 |     76 |   1 |  218.0 |
               +--------+--------+--------+--------+--------+-----+--------+

Top non-repeatable levels by time:
     D:4: 851 daAuts
     D:5: 805 daAuts
     D:7: 790 daAuts
     D:6: 783 daAuts
     D:1: 724 daAuts
     D:3: 673 daAuts
     D:2: 662 daAuts
 Ossuary: 218 daAuts
  Temple: 138 daAuts
     D:8: 119 daAuts
